 Dungeon Crawl Stone Soup version 0.27-a0-607-g1ad3dbde53 (webtiles) character file.

Game seed: 13639698962725261302

2717 Johnny the Geomancer (level 9, 0/48 HPs)
             Began as a Deep Elf Earth Elementalist on Mar 13, 2021.
             Was an Initiate of Dithmenos.
             Slain by an orc warrior
             ... wielding a +0 vorpal trident
              (5 damage)
             ... on level 7 of the Dungeon.
             The game lasted 00:07:11 (8821 turns).

Johnny the Geomancer (Deep Elf Earth Elementalist)  Turns: 8821, Time: 00:07:11

Health: 0/48       AC:  7    Str:  5    XL:     9   Next: 39%
Magic:  19/24      EV: 12    Int: 24    God:    Dithmenos [......]
Gold:   327        SH:  0    Dex: 15    Spells: 14/27 levels left

rFire    . . .     SeeInvis .   j - +2 spear (venom)
rCold    . . .     Faith    +   (no shield)
rNeg     . . .     Spirit   .   c - +0 robe
rPois    .         Reflect  .   (no helmet)
rElec    .         Harm     .   (no cloak)
rCorr    .         Rampage  .   t - +0 pair of gloves
Will     .....                  (no boots)
Stlth    ++........             w - amulet of faith
HPRegen  0.16/turn              s - +4 ring of protection
MPRegen  0.19/turn              B - ring of flight

@: no status effects
A: no striking features
a: Renounce Religion, Evoke Flight


You were on level 7 of the Dungeon.
You worshipped Dithmenos.
Dithmenos was noncommittal.
You visited 2 branches of the dungeon, and saw 8 of its levels.

You collected 327 gold pieces.

Inventory:

Hand Weapons
 d - a +0 short sword
 j - a +2 spear of venom (weapon)
 z - a +1 whip of electrocution
Missiles
 b - 83 stones
Armour
 c - a +0 robe (worn)
 t - a +0 pair of gloves (worn)
Jewellery
 s - a +4 ring of protection (right hand)
 w - an amulet of faith (around neck)
 B - a ring of flight (left hand)
 E - a ring of magical power
Wands
 q - a wand of mindburst (14)
 x - a wand of iceblast (8)
Scrolls
 a - 2 scrolls of magic mapping {unknown}
 f - 3 scrolls of blinking {unknown}
 h - a scroll of noise {unknown}
 i - a scroll of teleportation {unknown}
 l - 3 scrolls of enchant weapon {unknown}
 p - 2 scrolls of amnesia {unknown}
 v - a scroll of fear {unknown}
 y - a scroll of fog {unknown}
 A - a scroll of identify {unknown}
 C - a scroll of enchant armour {unknown}
 F - a scroll of random uselessness {unknown}
 G - a scroll of immolation {unknown}
 H - a scroll of brand weapon {unknown}
Potions
 e - 4 potions of brilliance {unknown}
 g - a potion of degeneration {unknown}
 k - 3 potions of cancellation {unknown}
 m - 4 potions of curing {unknown}
 n - a potion of flight {unknown}
 o - a potion of attraction {unknown}
 r - 3 potions of lignification {unknown}
 u - 2 potions of might {unknown}
 D - a potion of heal wounds {unknown}


   Skills:
 * Level 2.2 Fighting
 - Level 2.4 Dodging
 - Level 2.4 Stealth
 + Level 9.8 Spellcasting
 - Level 1.1 Transmutations
 + Level 11.5 Earth Magic


You had 14 spell levels left.
You knew the following spells:

 Your Spells              Type           Power      Damage    Failure   Level
a - Sandblast             Erth           100%       2d20      1%          1
b - Stone Arrow           Conj/Erth      78%        3d11      1%          3
c - Lee's Rapid Deconstr  Erth           30%        3d17*     1%          5
d - Petrify               Tmut/Erth      42%        N/A       4%          4

Your spell library contained the following spells:

 Spells                   Type           Power      Damage    Failure   Level
 Passwall                 Tmut/Erth      35%        N/A       1%          2


Dungeon Overview and Level Annotations

Branches:
Dungeon (7/15)             Temple (1/1) D:6

Altars:
Ashenzari
Dithmenos
Elyvilon
Gozag
Hepliaklqana
Kikubaaqudgha
Makhleb
Nemelex Xobeh
Qazlal
Sif Muna
Trog
Uskayaw
Vehumet
Xom
Yredelemnul

Annotations:
D:3 1 transporter, supercigar's ghost, amateur GnAM
D:7 3 runed translucent doors


Message History

Okay, then.
The orc hits you with a +0 club.
Casting: Lee's Rapid Deconstruction (dangerous; 1% risk of failure)
Confirm with . or Enter, or press ? or * to list all spells.
Aiming: Lee's Rapid Deconstruction (dangerous; 1% risk of failure)
Press: ? - help, Dir - move target, p - orc A rock wall.
The wall shatters!
The blast of rock fragments hits the orc warrior.
The orc warrior is moderately wounded.
The blast of rock fragments hits the orc!
You kill the orc!
Dithmenos accepts your kill.
The blast of rock fragments hits the orc!!
You kill the orc!
Dithmenos accepts your kill.
You hear a shout! x4
The orc warrior hits you from afar with a +0 vorpal trident.
* * * LOW HITPOINT WARNING * * *
An orc wizard comes into view. It is wielding a +0 dagger.
Unknown command.
Unknown command.
Unknown command.
Casting: Lee's Rapid Deconstruction (dangerous; 1% risk of failure)
Confirm with . or Enter, or press ? or * to list all spells.
Aiming: Lee's Rapid Deconstruction (dangerous; 1% risk of failure)
Press: ? - help, Dir - move target A rock wall.
Okay, then.
Okay, then.
Okay, then.
Okay, then.
Press: ? - help, v - describe, . - travel
Here: an orc warrior, wielding a +0 vorpal trident and wearing a +0 plate armour (moderately wounded)
The floor.
Unknown command.
The orc warrior hits you from afar with a +0 vorpal trident!
* * * LOW HITPOINT WARNING * * *
x2 The orc warrior hits you from afar with a +0 vorpal trident.
You die...

.... ##.....##
....#.#.Z.....#
...[..###+++### ......
....... ......##.#..#
### ##+#.........#....
.....#.........###
..........@.......
.....#..#.####.###
#....).o......#
######.#.#############
#)#.##..>........
###........########
#.................
##.o..............#
.........#.#######.#


You could see a spectral centaur and an orc warrior.

Vanquished Creatures
  Pikel (D:4)
  Sigmund (D:6)
  Menkaure (D:5)
  A water moccasin (D:5)
  Duvessa (D:6)
  An ice beast (D:6)
  A necrophage (D:5)
  3 sky beasts
  3 centaurs
  An ogre (D:5)
  2 lemures (D:4)
  A phantom (D:7)
  Dowan (D:6)
  A scorpion (D:6)
  A howler monkey (D:5)
  4 orc priests
  2 bullfrog skeletons
  2 hounds (D:5)
  2 jellies
  An iguana (D:5)
  Terence (D:3)
  3 orc wizards
  4 worker ants
  A worker ant zombie (D:6)
  8 adders
  10 river rats (D:5)
  An adder skeleton (D:5)
  2 worms
  2 dart slugs (D:2)
  4 leopard geckos
  17 orcs
  10 bats
  4 giant cockroaches
  6 goblins
  6 hobgoblins
  5 jackals
  6 quokkas
  6 frilled lizards
  A jackal skeleton (D:6)
  10 kobolds
  A leopard gecko zombie (D:5)
  A quokka zombie (D:5)
  23 rats
163 creatures vanquished.

Vanquished Creatures (others)
  5 toadstools (D:1)
5 creatures vanquished.

Grand Total: 168 creatures vanquished

Notes
Turn   | Place    | Note
-------+----------+-------------------------------------------
     0 | D:1      | Johnny the Deep Elf Earth Elementalist began the quest for
                  | the Orb.
     0 | D:1      | Reached XP level 1. HP: 10/10 MP: 6/6
   423 | D:1      | Reached XP level 2. HP: 11/15 MP: 6/8
   618 | D:1      | Reached skill level 4 in Earth Magic
  1671 | D:2      | Reached XP level 3. HP: 19/19 MP: 6/10
  2159 | D:2      | Reached XP level 4. HP: 18/24 MP: 8/12
  2495 | D:2      | Reached skill level 5 in Earth Magic
  3339 | D:3      | Noticed Terence
  3347 | D:3      | Killed Terence
  3361 | D:3      | Reached XP level 5. HP: 21/28 MP: 11/14
  3892 | D:3      | Found a transporter.
  3895 | D:3      | Noticed supercigar's ghost (amateur GnAM)
  3896 | D:3      | Noticed an ogre
  3896 | D:3      | Noticed an ogre
  4201 | D:4      | Found an ancient bone altar of Kikubaaqudgha.
  4319 | D:4      | Reached skill level 5 in Spellcasting
  4319 | D:4      | Reached skill level 6 in Earth Magic
  4447 | D:4      | You fall into a shaft and drop 3 floors!
  4448 | D:7      | Noticed a sky beast
  4451 | D:7      | Killed a sky beast
  4452 | D:7      | Reached XP level 6. HP: 18/32 MP: 11/16
  4779 | D:6      | Reached skill level 7 in Earth Magic
  4938 | D:6      | Noticed a sky beast
  4942 | D:6      | Killed a sky beast
  4943 | D:6      | Reached XP level 7. HP: 36/36 MP: 14/18
  4977 | D:6      | Learned a level 3 spell: Stone Arrow
  4983 | D:6      | Learned a level 5 spell: Lee's Rapid Deconstruction
  4988 | D:6      | Learned a level 4 spell: Petrify
  5199 | D:5      | Entered Level 5 of the Dungeon
  5207 | D:6      | Noticed Dowan
  5287 | D:5      | Noticed Menkaure
  5305 | D:5      | Reached skill level 8 in Earth Magic
  5583 | D:4      | Noticed Pikel
  5613 | D:4      | Killed Pikel
  5614 | D:4      | Reached skill level 9 in Earth Magic
  5614 | D:4      | Reached XP level 8. HP: 22/41 MP: 11/21
  6163 | D:5      | Killed Menkaure
  6231 | D:5      | Reached skill level 10 in Earth Magic
  6947 | D:5      | Reached XP level 9. HP: 37/46 MP: 24/24
  6957 | D:5      | Reached skill level 1 in Fighting
  7444 | D:5      | Found a white marble altar of Elyvilon.
  7496 | D:6      | Noticed Duvessa
  7511 | D:6      | Killed Duvessa
  7512 | D:6      | Reached skill level 11 in Earth Magic
  7512 | D:6      | Killed Dowan
  8208 | D:6      | Found a burning altar of Makhleb.
  8210 | D:6      | Found a bloodstained altar of Trog.
  8210 | D:6      | Found a white marble altar of Elyvilon.
  8212 | D:6      | Found a bloodstained altar of Trog.
  8212 | D:6      | Found a shimmering altar of Xom.
  8212 | D:6      | Found a burning altar of Makhleb.
  8319 | D:6      | Noticed Sigmund
  8326 | D:6      | Killed Sigmund
  8495 | D:6      | Found a staircase to the Ecumenical Temple.
  8640 | Temple   | Entered the Ecumenical Temple
  8675 | Temple   | Became a worshipper of Dithmenos the Shadowed
  8801 | D:7      | Found a runed translucent gate.
  8801 | D:7      | Found a runed translucent gate.
  8801 | D:7      | Found a runed translucent gate.
  8821 | D:7      | Slain by an orc warrior

Illustrated notes

Levels and vault maps discovered:
D:1:      ldierk_walled_garden, layout_basic
D:2:      layout_basic
D:3:      layout_loops_ring, gammafunk_ghost_smash, uniq_terence
D:4:      layout_gridville, nicolae_kikubaaqudgha_miasma_corner, uniq_pikel
D:5:      lemuel_ratsnest, layout_rooms, elyvilon_altar_4, uniq_menkaure
D:6:      layout_loops_ring, minmay_temple_entry_fiery, doesnt_xom_only_xom,
          uniq_duvessa, uniq_sigmund
D:7:      minmay_the_grid_triangle_9x9_rhombus_thin
          [minmay_the_grid_triangle_9x9_impossible_snake,
          minmay_the_grid_triangle_9x9_prize_special,
          minmay_the_grid_triangle_9x9_descending_squares,
          minmay_the_grid_triangle_9x9_fully_insulated_deathbox], layout_basic,
          gammafunk_ghost_necromancy
Temple:   eino_wide_crystal_templ

Skill      XL: |  1  2  3  4  5  6  7  8  9 |
---------------+----------------------------+-----
Earth Magic    | 4 5 6 7 9 10 11 | 11.5
Spellcasting   | 4 5 6 7 9 |  9.8
Fighting       | 2 |  2.2
Dodging        | |  2.4
Stealth        | |  2.4
Transmutations | |  1.1

Action                   |  1- 3 |  4- 6 |  7- 9 || total
-------------------------+-------+-------+-------++-------
Melee: Unarmed           |     9 |       |       ||     9
       Short sword       |    64 |       |       ||    64
       Spear             |       |    89 |   178 ||   267
 Cast: Sandblast         |    37 |    27 |    42 ||   106
       Stone Arrow       |       |       |     9 ||     9
       Lee's Rapid Decon |       |       |     9 ||     9
 Stab: Sleeping          |     3 |     6 |     4 ||    13
Armor: Robe              |    28 |    16 |    44 ||    88
Dodge: Dodged            |    72 |    35 |    86 ||   193

Table legend: (Time is in decaauts)
 A = Elapsed time spent in this place.
 B = Non-inter-level travel time spent in this place.
 C = Inter-level travel time spent in this place.
 D = Time resting spent in this place.
 E = Time spent auto-exploring this place.
 F = Levels seen in this place.
 G = Mean time per level.
                   A        B        C        D        E       F      G
               +--------+--------+--------+--------+--------+-----+--------+
         Total |   8854 |   8541 |    313 |   2081 |   5376 |   8 | 1106.8 |
       Dungeon |   8809 |   8515 |    294 |   2081 |   5352 |   7 | 1258.4 |
        Temple |     45 |     26 |     19 |      0 |     24 |   1 |   45.0 |
               +--------+--------+--------+--------+--------+-----+--------+

Top non-repeatable levels by time:
     D:6: 1835 daAuts
     D:1: 1654 daAuts
     D:5: 1415 daAuts
     D:2: 1358 daAuts
     D:4: 1154 daAuts
     D:3: 1097 daAuts
     D:7: 293 daAuts
  Temple: 45 daAuts
